 Dungeon Crawl Stone Soup version 0.32-a0-41-gec2d92a32c (webtiles) character file.

Game seed: 5996401812979747913

3 Bard227 the Covered (level 1, 18/18 HPs)
             Began as an Armataur Fighter on Jan 20, 2024.
             Quit the game on level 1 of the Dungeon on Jan 25, 2024.
             The game lasted 00:03:06 (147 turns).

Bard227 the Covered (Armataur Fighter)               Turns: 147, Time: 00:03:07

Health: 18/18      AC:  7    Str: 21    XL:     1   Next: 41%
Magic:  1/1        EV:  7    Int:  8    God:
Gold:   0          SH:  4    Dex:  9    Spells: 0/0 levels left

rFire   . . .        a - +0 flail
rCold   . . .        c - +0 buckler
rNeg    . . .        b - +0 scale mail
rPois   .            (no helmet)
rElec   .            (no cloak)
rCorr   .            (no gloves)
SInv    .            (no barding)
Will    .....        (no amulet) Stlth
                     (no ring)
HPRegen 0.23/turn    (no ring)
MPRegen 0.07/turn

%: roll
@: no status effects
A: large, deformed body, tough skin 3, armoured tail, roll 1
a: no special abilities


You were on level 1 of the Dungeon.
You visited 1 branch of the dungeon, and saw 1 of its levels.

Inventory:

Hand Weapons
 a - a +0 flail (weapon)
Armour
 b - a +0 scale mail (worn)
 c - a +0 buckler (worn)
Potions
 d - a potion of might
 e - a potion of brilliance {unknown}


   Skills:
 + Level 2.7 Fighting
 + Level 1.7 Maces & Flails
 + Level 3.7 Armour
 + Level 3.3 Shields


You couldn't memorise any spells.
You didn't know any spells.
Your spell library was empty.

Dungeon Overview and Level Annotations

Branches:
Dungeon (1/15)

Altars:


Innate Abilities, Weirdness & Mutations

Armour fits poorly on your strangely shaped body.
You have extremely tough skin. (AC +3)
You have a long armoured tail.
You regenerate magic when rolling toward enemies. (Rampage MPRegen)


Message History

You roll towards the bat!
You hit the bat.
The bat is severely wounded.
You block the bat's attack. The bat hits you.
You roll towards the bat!
The bat barely misses you. The bat hits you but does no damage.
There is a stone staircase leading down here.
The bat hits you but does no damage.
There is a stone staircase leading down here.
You roll towards the bat!
You miss the bat.
The bat is severely wounded.
The bat hits you but does no damage.
You roll towards the bat!
You barely miss the bat.
The bat is severely wounded.
You block the bat's attack. x2
You hit the bat.
You kill the bat!
You see here a bat corpse.
You see here a bat corpse.
There is a stone staircase leading down here.
Welcome back, Bard227 the Armataur Fighter.
Press ? for a list of commands and other information.
Welcome back, Bard227 the Armataur Fighter.
Press ? for a list of commands and other information.
You see here a bat corpse.
Welcome back, Bard227 the Armataur Fighter.
Press ? for a list of commands and other information.
Welcome back, Bard227 the Armataur Fighter.
Press ? for a list of commands and other information.
Found a scroll labelled APODDI ODDAOMMOZ.
A rat comes into view.
The rat squeaks loudly.
Found a sling.
You see here a +0 dagger.
Found 2 scrolls labelled AQINA PEINU.
You hit the rat but do no damage. The rat barely misses you.
You sock the rat!
You kill the rat!
You see here a +0 dagger.
Found 12 gold pieces.
Are you sure you want to abandon this character and quit the game? (Confirm with "yes".)

..# #.### ######...# #.
........# #. ###..#..#
##.##........
######...#..♣♣♣♣♣♣
#..........♣..PP..
#######@####.....♣...P..
#................♣P...PP
.................♣PP...P
#.#####.#####....♣..P.<.
#.#####....♣..PP..
#..........♣PP..P.
.$#####.########.♣PP..PP
.............##..♣♣♣♣♣♣♣
#.##.##...............(.


There were no monsters in sight!

Vanquished Creatures
  A bat (D:1)
  A hobgoblin (D:1)
  A rat (D:1)
3 creatures vanquished.

Notes
Turn   | Place    | Note
-------+----------+-------------------------------------------
     0 | D:1      | Bard227 the Armataur Fighter began the quest for the Orb.
     0 | D:1      | Reached XP level 1. HP: 18/18 MP: 1/1
    80 | D:1      | Upgraded the game from 0.32-a0-32-g978bd804de to
                  | 0.32-a0-35-gd9ff480968
    89 | D:1      | Upgraded the game from 0.32-a0-35-gd9ff480968 to
                  | 0.32-a0-41-gec2d92a32c
   147 | D:1      | Quit the game

Illustrated notes

Levels and vault maps discovered:
D:1:      scummos_arrival_checkerplants, layout_loops_ring,
          roderic_roman_lattice, hangedman_glass_teeth

Action                     || total
---------------------------++-------
  Melee: Flail             ||     8
         Tailslap          ||     1
 Armour: Scale mail        ||     4
  Dodge: Dodged            ||     2
  Block: Buckler           ||     5

Table legend: (Time is in decaauts)
 A = Elapsed time spent in this place.
 B = Non-inter-level travel time spent in this place.
 C = Inter-level travel time spent in this place.
 D = Time resting spent in this place.
 E = Time spent auto-exploring this place.
 F = Levels seen in this place.
 G = Mean time per level.
                   A        B        C        D        E       F      G
               +--------+--------+--------+--------+--------+-----+--------+
         Total |    149 |     83 |     66 |      0 |      0 |   1 |  149.0 |
       Dungeon |    149 |     83 |     66 |      0 |      0 |   1 |  149.0 |
               +--------+--------+--------+--------+--------+-----+--------+

Top non-repeatable levels by time:
     D:1: 149 daAuts
